Predators vs Jets

Created - 25 septembre 2017 at 17:22

Simulating a Pre-Season

Goals
1 2 3 T
Predators 1 1 2 4
Jets 2 3 1 6
Shots
1 2 3 T
Predators 12 10 12 34
Jets 7 15 14 36

1st period

1. Predators , T.J. Oshie 4 (John Moore 2, Max Pacioretty 5) at 3:31
2. Jets , Cam Atkinson 4 (Jamie Benn 6, Jonas Brodin 1) at 16:00
3. Jets , Mikko Koivu 3 (Jamie Benn 7, Cam Atkinson 4) at 17:05 (PP)

Penalties :
Connor Murphy (NSH) for Tripping (Minor) at 16:51

2nd period

4. Jets , Alan Quine 1 (Radek Faksa 2, Nick Holden 5) at 2:22
5. Predators , Max Pacioretty 5 (T.J. Oshie 5, Vincent Trocheck 2) at 3:26 (PP)
6. Jets , Cam Atkinson 5 (Mikko Koivu 3, Jamie Benn 8) at 19:04
7. Jets , Cam Atkinson 6 (Mikko Koivu 4, Nick Holden 6) at 19:39

Penalties :
Ondrej Kase (WPG) for Hooking (Minor) at 3:24, Radko Gudas (WPG) for Hooking (Minor) at 12:47

3rd period

8. Jets , Cam Atkinson 7 (Mikko Koivu 5, Jamie Benn 9) at 3:45 (PP)
9. Predators , Max Pacioretty 6 (T.J. Oshie 6, John Moore 3) at 4:51
10. Predators , Steven Stamkos 5 (Zach Bogosian 4) at 15:54

Penalties :
Phillip Di Giuseppe (NSH) for High sticking (Minor) at 2:16, J.T. Miller (NSH) for Hooking (Minor) at 9:54

Goalie Stats

Pekka Rinne (NSH), 13 saves from 14 shots - (0.929), 20:21 minutes
Calvin Pickard (NSH), 17 saves from 22 shots - (0.773), L, 3-1-0, 39:39 minutes
Keith Kinkaid (WPG), 22 saves from 24 shots - (0.917), W, 2-2-0, 44:27 minutes
Cory Schneider (WPG), 8 saves from 10 shots - (0.800), 15:33 minutes

Players Stats for Predators

Player Name              G  A  P  +/- PIM S  H  SB GA TA FO     MP     PP MP  PK MP  
------------------------------------------------------------------------------------
Beau Bennett             0  0  0   0  0   1  0  0  0  0  0/0     4:42   0:00   0:00 
Connor Murphy            0  0  0  -1  2   0  3  1  0  0  0/0    23:10   0:43   1:36 
J.T. Miller              0  0  0  -2  2   6  1  0  0  0  3/6    19:30   0:58   0:12 
Jaden Schwartz           0  0  0   0  0   4  0  0  0  0  3/4    15:21   0:00   0:53 
John Moore               0  2  2  -1  0   0  1  1  0  0  0/0    16:13   0:58   1:28 
Jordie Benn              0  0  0  -1  0   0  3  1  0  0  0/0    16:13   0:58   1:28 
Kenny Agostino           0  0  0   0  0   0  0  0  0  0  0/0     4:42   0:00   0:00 
Kevin Hayes              0  0  0  -2  0   1  1  0  0  0  1/1    20:13   0:58   0:54 
Max Pacioretty           2  1  3   1  0   4  2  0  0  0  0/0    18:38   1:03   0:49 
Nikita Zadorov           0  0  0   0  0   0  0  0  0  0  0/0     0:10   0:00   0:10 
Oscar Klefbom            0  0  0   1  0   1  2  0  0  0  0/0    19:38   0:00   0:00 
Phillip Di Giuseppe      0  0  0   0  2   0  1  0  0  0  0/1    14:27   0:00   0:00 
Roman Josi               0  0  0  -1  0   1  0  2  0  0  0/0    23:59   1:03   2:04 
Steven Stamkos           1  0  1  -2  0   2  3  3  0  0  16/26  21:07   0:58   1:48 
T.J. Oshie               1  2  3   1  0   5  2  1  0  0  0/3    18:38   1:03   0:49 
Vincent Trocheck         0  1  1   0  0   6  2  0  0  0  15/25  15:58   1:03   0:27 
Vladislav Namestnikov    0  0  0   1  0   2  1  1  0  0  16/34  23:00   0:00   1:32 
Zach Bogosian            0  1  1   1  0   1  3  2  0  0  0/0    20:36   0:20   0:38 

Players Stats for Jets

Player Name              G  A  P  +/- PIM S  H  SB GA TA FO     MP     PP MP  PK MP  
------------------------------------------------------------------------------------
Alan Quine               1  0  1   1  0   3  0  0  0  0  0/1     7:51   0:00   0:28 
Braydon Coburn           0  0  0   3  0   0  0  1  0  0  0/0    17:49   0:41   1:22 
Brock Nelson             0  0  0   0  0   5  3  0  0  0  0/0    15:49   0:00   0:58 
Cam Atkinson             4  1  5   2  0   11 0  0  0  0  1/3    19:22   1:48   0:00 
Frans Nielsen            0  0  0  -2  0   2  1  0  0  0  13/20  17:58   1:54   0:00 
Hampus Lindholm          0  0  0  -2  0   1  0  2  0  0  0/0    24:50   1:26   1:09 
Jamie Benn               0  4  4   2  0   3  5  0  0  0  0/1    19:22   1:48   0:00 
Jaromir Jagr             0  0  0  -2  0   2  2  0  0  0  0/2    17:58   1:54   0:00 
Jonas Brodin             0  1  1  -1  0   2  0  1  0  0  0/0    24:19   1:47   1:03 
Marcus Sorensen          0  0  0   1  0   0  1  0  0  0  0/1     7:58   0:00   1:03 
Mika Zibanejad           0  0  0   0  0   0  1  0  0  0  8/25   13:44   0:00   0:00 
Mikko Koivu              1  3  4   2  0   4  2  0  0  0  18/32  20:20   1:48   0:58 
Nick Holden              0  2  2   1  0   2  6  6  0  0  0/0    24:35   1:37   0:00 
Ondrej Kase              0  0  0   0  2   1  3  0  0  0  0/0    13:43   0:00   0:00 
Radek Faksa              0  1  1   1  0   0  2  0  0  0  5/13    7:58   0:00   1:03 
Radko Gudas              0  0  0   1  2   0  6  0  0  0  0/0    25:00   1:53   0:00 
Rickard Rakell           0  0  0  -2  0   0  0  0  0  0  1/2    18:01   1:54   0:00 
Tobias Enstrom           0  0  0   0  0   0  0  0  0  0  0/0     1:20   0:00   0:00 

3 Stars

1 - Cam Atkinson (WPG)
2 - Mikko Koivu (WPG)
3 - Jamie Benn (WPG)

Power Play

Predators - 1 on 2 Attempt(s) - 50.00%
Jets - 2 on 3 Attempt(s) - 66.67%

Penalty Kill

Predators - 1 on 3 Attempt(s) - 33.33% - Score 0 goal in Penalty Kill
Jets - 1 on 2 Attempt(s) - 50.00% - Score 0 goal in Penalty Kill

Team Stat

Predators - Hits : 25 - Faceoff Wins : 54 - Blocked Shots : 12 - Penalty Minutes : 6
Jets - Hits : 32 - Faceoff Wins : 46 - Blocked Shots : 10 - Penalty Minutes : 4

Official

Referees : Jean Hebert and Brad Watson
Linesman : Ryan Gibbons and Shane Heyer

Game Notes

Tobias Enstrom is injured at 3:44 of 1st period (Left Knee)
Cam Atkinson has scored a Hat Trick!
Pekka Rinne enters game at 19:39 of 2nd period
Keith Kinkaid is injured at 4:27 of 3rd period (Sports Hernia)
Cory Schneider enters game at 4:27 of 3rd period

% Time on Ice - Predators

Lines # - Real PCT - Wanted PCT - Time Play
Normal Forward
1 - 31% - 40% - 16:46
2 - 34% - 30% - 18:21
3 - 27% - 20% - 14:28
4 - 9% - 10% - 4:42
Normal Defense
1 - 35% - 40% - 19:01
2 - 36% - 30% - 19:38
3 - 25% - 20% - 13:47
4 - 3% - 10% - 1:51
PP Forward
1 - 52% - 60% - 1:03
2 - 48% - 40% - 0:58
PP Defense
1 - 52% - 60% - 1:03
2 - 48% - 40% - 0:58
PK Forward
1 - 78% - 60% - 2:53
2 - 22% - 40% - 0:49
PK Defense
1 - 56% - 60% - 2:04
2 - 44% - 40% - 1:38
PK3 Forward
1 - 0% - 60%
2 - 0% - 40%
PK3 Defense
1 - 0% - 60%
2 - 0% - 40%
44 Forward
1 - 0% - 60%
2 - 0% - 40%
44 Defense
1 - 0% - 60%
2 - 0% - 40%
Last Minute Offensive  - 0:00
Last Minute Defensive  - 0:00
Total
Forward - 60:00
Defense - 60:00

% Time on Ice - Jets

Lines # - Real PCT - Wanted PCT - Time Play
Normal Forward
1 - 32% - 33% - 17:34
2 - 30% - 30% - 16:04
3 - 25% - 25% - 13:44
4 - 13% - 12% - 6:55
Normal Defense
1 - 35% - 34% - 18:46
2 - 40% - 32% - 21:46
3 - 21% - 23% - 11:12
4 - 5% - 11% - 2:33
PP Forward
1 - 49% - 63% - 1:48
2 - 51% - 37% - 1:54
PP Defense
1 - 43% - 70% - 1:35
2 - 57% - 30% - 2:07
PK Forward
1 - 100% - 65% - 2:01
2 - 0% - 35% - 0:00
PK Defense
1 - 29% - 60% - 0:35
2 - 71% - 40% - 1:26
PK3 Forward
1 - 0% - 70%
2 - 0% - 30%
PK3 Defense
1 - 0% - 60%
2 - 0% - 40%
44 Forward
1 - 0% - 50%
2 - 0% - 50%
44 Defense
1 - 0% - 51%
2 - 0% - 49%
Last Minute Offensive  - 0:00
Last Minute Defensive  - 0:00
Total
Forward - 60:00
Defense - 60:00

Play by Play

1st period


0:01 of 1st period - Mikko Koivu wins face-off versus Vladislav Namestnikov in neutral zone.
0:55 of 1st period - Zach Bogosian is hit by Mikko Koivu and loses puck.
1:26 of 1st period - Kevin Hayes is hit by Nick Holden and loses puck.
1:45 of 1st period - Shot by Vincent Trocheck.
1:45 of 1st period - Shot Blocked by Nick Holden.
1:47 of 1st period - Shot by Jaden Schwartz.
1:47 of 1st period - Stopped by Keith Kinkaid without a rebound.
1:48 of 1st period - Vladislav Namestnikov wins face-off versus Mika Zibanejad in Jets zone.
1:48 of 1st period - Vladislav Namestnikov is hit by Radko Gudas.
2:08 of 1st period - Shot by Vladislav Namestnikov.
2:08 of 1st period - Stopped by Keith Kinkaid without a rebound.
2:09 of 1st period - Radek Faksa wins face-off versus Vincent Trocheck in Jets zone.
2:09 of 1st period - Braydon Coburn is hit by Phillip Di Giuseppe and loses puck.
2:21 of 1st period - Marcus Sorensen is hit by Connor Murphy and loses puck.
2:48 of 1st period - Shot by Vincent Trocheck.
2:48 of 1st period - Stopped by Keith Kinkaid without a rebound.
2:49 of 1st period - Mika Zibanejad wins face-off versus Steven Stamkos in Jets zone.
3:06 of 1st period - Shot by Nick Holden.
3:06 of 1st period - Shot Misses the Net.
3:08 of 1st period - Shot by Brock Nelson.
3:08 of 1st period - Stopped by Calvin Pickard without a rebound.
3:09 of 1st period - Frans Nielsen wins face-off versus Vladislav Namestnikov in Predators zone.
3:09 of 1st period - Frans Nielsen is hit by John Moore.
3:13 of 1st period - Shot by Rickard Rakell.
3:13 of 1st period - Deflect By Jaromir Jagr.
3:13 of 1st period - Stopped by Calvin Pickard without a rebound.
3:14 of 1st period - Vladislav Namestnikov wins face-off versus Rickard Rakell in Predators zone.
3:25 of 1st period - Shot by T.J. Oshie.
3:25 of 1st period - Shot Blocked by Hampus Lindholm.
3:27 of 1st period - Shot by John Moore.
3:27 of 1st period - Shot Misses the Net.
3:29 of 1st period - Shot by T.J. Oshie.
3:29 of 1st period - Stopped by Keith Kinkaid with a rebound.
3:31 of 1st period - Shot by T.J. Oshie.
3:31 of 1st period - Goal by T.J. Oshie - Predators : 1 - Jets : 0.
3:32 of 1st period - Steven Stamkos wins face-off versus Mika Zibanejad in neutral zone.
3:37 of 1st period - Nick Holden is hit by Steven Stamkos and loses puck.
3:43 of 1st period - Tobias Enstrom is hit by J.T. Miller and loses puck.
3:44 of 1st period - Tobias Enstrom from Jets is injured at 3:44 of 1st period (Left Knee).
3:45 of 1st period - Mikko Koivu wins face-off versus Vladislav Namestnikov in neutral zone.
4:03 of 1st period - T.J. Oshie is hit by Nick Holden and loses puck.
4:22 of 1st period - Shot by Cam Atkinson.
4:22 of 1st period - Shot Blocked by Zach Bogosian.
4:29 of 1st period - Off-side.
4:30 of 1st period - Mika Zibanejad wins face-off versus J.T. Miller in neutral zone.
4:39 of 1st period - Connor Murphy is hit by Ondrej Kase and loses puck.
5:33 of 1st period - Icing by Jordie Benn.
5:34 of 1st period - Frans Nielsen wins face-off versus Vincent Trocheck in Predators zone.
6:31 of 1st period - Icing by Nick Holden.
6:32 of 1st period - Frans Nielsen wins face-off versus Vladislav Namestnikov in Jets zone.
6:48 of 1st period - Icing by Mikko Koivu.
6:49 of 1st period - Mikko Koivu wins face-off versus Steven Stamkos in Jets zone.
7:39 of 1st period - Jamie Benn is hit by Connor Murphy.
8:01 of 1st period - Shot by T.J. Oshie.
8:01 of 1st period - Stopped by Keith Kinkaid without a rebound.
8:02 of 1st period - Vladislav Namestnikov wins face-off versus Mika Zibanejad in Jets zone.
8:10 of 1st period - Shot by Beau Bennett.
8:10 of 1st period - Stopped by Keith Kinkaid without a rebound.
8:11 of 1st period - Rickard Rakell wins face-off versus Vincent Trocheck in Jets zone.
8:25 of 1st period - Icing by Braydon Coburn.
8:26 of 1st period - Frans Nielsen wins face-off versus Steven Stamkos in Jets zone.
9:56 of 1st period - Shot by Cam Atkinson.
9:56 of 1st period - Stopped by Calvin Pickard without a rebound.
9:57 of 1st period - Mikko Koivu wins face-off versus Vincent Trocheck in Predators zone.
10:03 of 1st period - Icing by Jaden Schwartz.
10:04 of 1st period - Radek Faksa wins face-off versus Vincent Trocheck in Predators zone.
10:12 of 1st period - Off-side.
10:13 of 1st period - Mikko Koivu wins face-off versus Vincent Trocheck in neutral zone.
10:50 of 1st period - Shot by Vincent Trocheck.
10:50 of 1st period - Stopped by Keith Kinkaid without a rebound.
10:51 of 1st period - Radek Faksa wins face-off versus Vladislav Namestnikov in Jets zone.
10:51 of 1st period - Jonas Brodin is hit by Max Pacioretty and loses puck.
11:08 of 1st period - Shot by Max Pacioretty.
11:08 of 1st period - Shot Misses the Net.
11:10 of 1st period - Shot by T.J. Oshie.
11:10 of 1st period - Deflect By Max Pacioretty.
11:10 of 1st period - Shot Misses the Net.
11:38 of 1st period - Icing by Marcus Sorensen.
11:39 of 1st period - Radek Faksa wins face-off versus Steven Stamkos in Jets zone.
11:52 of 1st period - Jonas Brodin is hit by Steven Stamkos.
12:13 of 1st period - Off-side.
12:14 of 1st period - Vincent Trocheck wins face-off versus Mika Zibanejad in neutral zone.
13:04 of 1st period - Icing by Vincent Trocheck.
13:05 of 1st period - Vincent Trocheck wins face-off versus Mikko Koivu in Predators zone.
13:30 of 1st period - Shot by Jamie Benn.
13:30 of 1st period - Shot Misses the Net.
13:53 of 1st period - Zach Bogosian is hit by Jamie Benn.
14:20 of 1st period - Jonas Brodin is hit by Kevin Hayes and loses puck.
14:29 of 1st period - Shot by Kevin Hayes.
14:29 of 1st period - Shot Misses the Net.
15:18 of 1st period - Shot by Alan Quine.
15:18 of 1st period - Shot Misses the Net.
15:27 of 1st period - Icing by Jordie Benn.
15:28 of 1st period - Steven Stamkos wins face-off versus Mikko Koivu in Predators zone.
15:34 of 1st period - Icing by J.T. Miller.
15:35 of 1st period - Steven Stamkos wins face-off versus Mikko Koivu in Predators zone.
15:37 of 1st period - Icing by Kevin Hayes.
15:38 of 1st period - Mikko Koivu wins face-off versus Steven Stamkos in Predators zone.
15:41 of 1st period - Shot by Cam Atkinson.
15:41 of 1st period - Stopped by Calvin Pickard with a rebound.
16:00 of 1st period - Shot by Cam Atkinson.
16:00 of 1st period - Goal by Cam Atkinson - Predators : 1 - Jets : 1.
16:01 of 1st period - Vladislav Namestnikov wins face-off versus Frans Nielsen in neutral zone.
16:10 of 1st period - Shot by Max Pacioretty.
16:10 of 1st period - Shot Misses the Net.
16:50 of 1st period - Shot by Mika Zibanejad.
16:50 of 1st period - Shot Misses the Net.
16:51 of 1st period - Minor Penalty to Connor Murphy for Tripping.
16:52 of 1st period - Jaden Schwartz wins face-off versus Mikko Koivu in Predators zone.
17:05 of 1st period - Shot by Mikko Koivu.
17:05 of 1st period - Goal by Mikko Koivu - Predators : 1 - Jets : 2.
17:06 of 1st period - Mika Zibanejad wins face-off versus Phillip Di Giuseppe in neutral zone.
17:10 of 1st period - Brock Nelson is hit by Oscar Klefbom and loses puck.
17:19 of 1st period - Shot by Jaden Schwartz.
17:19 of 1st period - Stopped by Keith Kinkaid without a rebound.
17:20 of 1st period - Mikko Koivu wins face-off versus Vladislav Namestnikov in Jets zone.
17:29 of 1st period - Shot by Cam Atkinson.
17:29 of 1st period - Shot Blocked by Zach Bogosian.
17:37 of 1st period - Shot by Jamie Benn.
17:37 of 1st period - Stopped by Calvin Pickard without a rebound.
17:38 of 1st period - Vincent Trocheck wins face-off versus Mika Zibanejad in Predators zone.
17:58 of 1st period - Icing by Nick Holden.
17:59 of 1st period - J.T. Miller wins face-off versus Mika Zibanejad in Jets zone.
18:00 of 1st period - Shot by Kevin Hayes.
18:00 of 1st period - Stopped by Keith Kinkaid with a rebound.
18:02 of 1st period - Shot by J.T. Miller.
18:02 of 1st period - Stopped by Keith Kinkaid without a rebound.
18:03 of 1st period - Steven Stamkos wins face-off versus Jaromir Jagr in Jets zone.
18:10 of 1st period - Zach Bogosian is hit by Frans Nielsen and loses puck.
18:29 of 1st period - Shot by Jaromir Jagr.
18:29 of 1st period - Shot Blocked by Steven Stamkos.
18:52 of 1st period - Jamie Benn is hit by Zach Bogosian and loses puck.
19:52 of 1st period - Shot by Max Pacioretty.
19:52 of 1st period - Stopped by Keith Kinkaid without a rebound.
19:53 of 1st period - Jaden Schwartz wins face-off versus Mika Zibanejad in Jets zone.
Goals for this period are 1 for Predators vs 2 for Jets.
Shots for this period are 12 for Predators vs 7 for Jets.

2nd period


0:01 of 2nd period - Vladislav Namestnikov wins face-off versus Mika Zibanejad in neutral zone.
0:13 of 2nd period - Max Pacioretty is hit by Mika Zibanejad and loses puck.
0:18 of 2nd period - Shot by Brock Nelson.
0:18 of 2nd period - Stopped by Calvin Pickard without a rebound.
0:19 of 2nd period - Frans Nielsen wins face-off versus Vincent Trocheck in Predators zone.
0:21 of 2nd period - Rickard Rakell is hit by Zach Bogosian and loses puck.
1:06 of 2nd period - Rickard Rakell is hit by Max Pacioretty and loses puck.
1:19 of 2nd period - Shot by Brock Nelson.
1:19 of 2nd period - Shot Blocked by Connor Murphy.
1:27 of 2nd period - Shot by Brock Nelson.
1:27 of 2nd period - Stopped by Calvin Pickard with a rebound.
1:35 of 2nd period - Shot by Mika Zibanejad.
1:35 of 2nd period - Shot Misses the Net.
1:39 of 2nd period - Shot by Brock Nelson.
1:39 of 2nd period - Stopped by Calvin Pickard without a rebound.
1:40 of 2nd period - Steven Stamkos wins face-off versus Jamie Benn in Predators zone.
1:40 of 2nd period - Steven Stamkos is hit by Jamie Benn.
1:43 of 2nd period - J.T. Miller is hit by Jamie Benn and loses puck.
1:50 of 2nd period - Shot by Cam Atkinson.
1:50 of 2nd period - Shot Misses the Net.
1:57 of 2nd period - Icing by John Moore.
1:58 of 2nd period - Steven Stamkos wins face-off versus Radek Faksa in Predators zone.
1:58 of 2nd period - Steven Stamkos is hit by Radek Faksa.
2:06 of 2nd period - Shot by J.T. Miller.
2:06 of 2nd period - Stopped by Keith Kinkaid with a rebound.
2:22 of 2nd period - Shot by Alan Quine.
2:22 of 2nd period - The goal is going for a video replay.
2:22 of 2nd period - The goal is good.
2:22 of 2nd period - Goal by Alan Quine - Predators : 1 - Jets : 3.
2:23 of 2nd period - Vladislav Namestnikov wins face-off versus Mikko Koivu in neutral zone.
2:51 of 2nd period - Shot by Max Pacioretty.
2:51 of 2nd period - Stopped by Keith Kinkaid without a rebound.
2:52 of 2nd period - Vincent Trocheck wins face-off versus Mika Zibanejad in Jets zone.
2:52 of 2nd period - Vincent Trocheck is hit by Radko Gudas.
3:10 of 2nd period - Icing by Brock Nelson.
3:11 of 2nd period - Mika Zibanejad wins face-off versus Steven Stamkos in Jets zone.
3:20 of 2nd period - Steven Stamkos is hit by Brock Nelson and loses puck.
3:24 of 2nd period - Minor Penalty to Ondrej Kase for Hooking.
3:25 of 2nd period - Vincent Trocheck wins face-off versus Radek Faksa in Jets zone.
3:26 of 2nd period - Shot by T.J. Oshie.
3:26 of 2nd period - Deflect By Max Pacioretty.
3:26 of 2nd period - Goal by Max Pacioretty - Predators : 2 - Jets : 3.
3:27 of 2nd period - Frans Nielsen wins face-off versus T.J. Oshie in neutral zone.
3:42 of 2nd period - Shot by Jaromir Jagr.
3:42 of 2nd period - Shot Misses the Net.
3:44 of 2nd period - Shot by Rickard Rakell.
3:44 of 2nd period - Shot Blocked by T.J. Oshie.
3:46 of 2nd period - Shot by Frans Nielsen.
3:46 of 2nd period - Stopped by Calvin Pickard without a rebound.
3:47 of 2nd period - Steven Stamkos wins face-off versus Mikko Koivu in Predators zone.
4:07 of 2nd period - Icing by Braydon Coburn.
4:08 of 2nd period - Mikko Koivu wins face-off versus Vladislav Namestnikov in Jets zone.
4:18 of 2nd period - Icing by Connor Murphy.
4:19 of 2nd period - Frans Nielsen wins face-off versus Vladislav Namestnikov in Predators zone.
4:27 of 2nd period - Icing by Roman Josi.
4:28 of 2nd period - Vladislav Namestnikov wins face-off versus Mika Zibanejad in Predators zone.
4:47 of 2nd period - Shot by Kenny Agostino.
4:47 of 2nd period - Shot Misses the Net.
5:16 of 2nd period - Icing by Zach Bogosian.
5:17 of 2nd period - Frans Nielsen wins face-off versus Vincent Trocheck in Predators zone.
5:25 of 2nd period - Rickard Rakell is hit by Oscar Klefbom and loses puck.
5:32 of 2nd period - Shot by Frans Nielsen.
5:32 of 2nd period - Shot Misses the Net.
5:34 of 2nd period - Shot by Hampus Lindholm.
5:34 of 2nd period - Stopped by Calvin Pickard with a rebound.
5:36 of 2nd period - Shot by Jonas Brodin.
5:36 of 2nd period - Stopped by Calvin Pickard with a rebound.
6:17 of 2nd period - Oscar Klefbom is hit by Nick Holden and loses puck.
6:21 of 2nd period - Icing by Nick Holden.
6:22 of 2nd period - Mikko Koivu wins face-off versus Vladislav Namestnikov in Jets zone.
6:41 of 2nd period - Shot by Cam Atkinson.
6:41 of 2nd period - Deflect By Jamie Benn.
6:41 of 2nd period - Stopped by Calvin Pickard without a rebound.
6:42 of 2nd period - Steven Stamkos wins face-off versus Mika Zibanejad in Predators zone.
7:34 of 2nd period - Shot by Cam Atkinson.
7:34 of 2nd period - Stopped by Calvin Pickard without a rebound.
7:35 of 2nd period - Vladislav Namestnikov wins face-off versus Frans Nielsen in Predators zone.
8:01 of 2nd period - Shot by T.J. Oshie.
8:01 of 2nd period - Shot Misses the Net.
8:37 of 2nd period - Off-side.
8:38 of 2nd period - Vladislav Namestnikov wins face-off versus Mikko Koivu in neutral zone.
8:38 of 2nd period - Vladislav Namestnikov is hit by Mikko Koivu.
9:19 of 2nd period - Beau Bennett is hit by Radko Gudas and loses puck.
9:47 of 2nd period - Icing by Brock Nelson.
9:48 of 2nd period - Vincent Trocheck wins face-off versus Mika Zibanejad in Jets zone.
9:51 of 2nd period - Shot by Roman Josi.
9:51 of 2nd period - Shot Misses the Net.
10:39 of 2nd period - Shot by Alan Quine.
10:39 of 2nd period - Stopped by Calvin Pickard without a rebound.
10:40 of 2nd period - Steven Stamkos wins face-off versus Frans Nielsen in Predators zone.
10:44 of 2nd period - Kevin Hayes is hit by Nick Holden and loses puck.
10:48 of 2nd period - J.T. Miller is hit by Nick Holden and loses puck.
11:04 of 2nd period - Kevin Hayes is hit by Nick Holden and loses puck.
11:07 of 2nd period - Shot by Steven Stamkos.
11:07 of 2nd period - Shot Misses the Net.
11:09 of 2nd period - Shot by J.T. Miller.
11:09 of 2nd period - Shot Misses the Net.
11:31 of 2nd period - Shot by T.J. Oshie.
11:31 of 2nd period - Shot Blocked by Nick Holden.
11:33 of 2nd period - Shot by Zach Bogosian.
11:33 of 2nd period - Shot Misses the Net.
11:35 of 2nd period - Shot by Oscar Klefbom.
11:35 of 2nd period - Shot Blocked by Nick Holden.
11:37 of 2nd period - Shot by Zach Bogosian.
11:37 of 2nd period - Stopped by Keith Kinkaid with a rebound.
11:39 of 2nd period - Shot by Oscar Klefbom.
11:39 of 2nd period - Stopped by Keith Kinkaid with a rebound.
11:41 of 2nd period - Shot by T.J. Oshie.
11:41 of 2nd period - Shot Misses the Net.
11:43 of 2nd period - Shot by Max Pacioretty.
11:43 of 2nd period - Shot Blocked by Nick Holden.
12:06 of 2nd period - Jaden Schwartz is hit by Jaromir Jagr and loses puck.
12:36 of 2nd period - Shot by Jamie Benn.
12:36 of 2nd period - Shot Blocked by Roman Josi.
12:38 of 2nd period - Shot by Cam Atkinson.
12:38 of 2nd period - Stopped by Calvin Pickard with a rebound.
12:40 of 2nd period - Shot by Cam Atkinson.
12:40 of 2nd period - Deflect By Mikko Koivu.
12:40 of 2nd period - Stopped by Calvin Pickard without a rebound.
12:41 of 2nd period - Steven Stamkos wins face-off versus Radek Faksa in Predators zone.
12:45 of 2nd period - Kevin Hayes is hit by Radko Gudas and loses puck.
12:47 of 2nd period - Minor Penalty to Radko Gudas for Hooking.
12:48 of 2nd period - Steven Stamkos wins face-off versus Radek Faksa in Jets zone.
13:03 of 2nd period - Shot by Steven Stamkos.
13:03 of 2nd period - Stopped by Keith Kinkaid without a rebound.
13:04 of 2nd period - Vincent Trocheck wins face-off versus Radek Faksa in Jets zone.
13:56 of 2nd period - Shot by Steven Stamkos.
13:56 of 2nd period - Shot Misses the Net.
13:58 of 2nd period - Shot by Jordie Benn.
13:58 of 2nd period - Shot Misses the Net.
14:10 of 2nd period - Shot by Steven Stamkos.
14:10 of 2nd period - Shot Misses the Net.
14:40 of 2nd period - Shot by T.J. Oshie.
14:40 of 2nd period - Shot Blocked by Hampus Lindholm.
14:42 of 2nd period - Shot by Roman Josi.
14:42 of 2nd period - Shot Misses the Net.
14:44 of 2nd period - Shot by Roman Josi.
14:44 of 2nd period - Shot Misses the Net.
14:46 of 2nd period - Shot by Zach Bogosian.
14:46 of 2nd period - Shot Hit the Post.
15:00 of 2nd period - Shot by Jaromir Jagr.
15:00 of 2nd period - Shot Blocked by Vladislav Namestnikov.
15:04 of 2nd period - Shot by Frans Nielsen.
15:04 of 2nd period - Stopped by Calvin Pickard without a rebound.
15:05 of 2nd period - Vincent Trocheck wins face-off versus Mikko Koivu in Predators zone.
15:23 of 2nd period - Icing by Radko Gudas.
15:24 of 2nd period - Vladislav Namestnikov wins face-off versus Mikko Koivu in Jets zone.
16:02 of 2nd period - Icing by Zach Bogosian.
16:03 of 2nd period - Mika Zibanejad wins face-off versus Vladislav Namestnikov in Predators zone.
16:18 of 2nd period - Shot by Mika Zibanejad.
16:18 of 2nd period - Shot Misses the Net.
16:21 of 2nd period - Icing by Oscar Klefbom.
16:22 of 2nd period - Vladislav Namestnikov wins face-off versus Marcus Sorensen in Predators zone.
16:22 of 2nd period - Beau Bennett is hit by Marcus Sorensen and loses puck.
17:05 of 2nd period - Icing by Oscar Klefbom.
17:06 of 2nd period - Vladislav Namestnikov wins face-off versus Mika Zibanejad in Predators zone.
17:06 of 2nd period - Vladislav Namestnikov is hit by Ondrej Kase.
17:24 of 2nd period - Hampus Lindholm is hit by Steven Stamkos and loses puck.
18:00 of 2nd period - Icing by Jonas Brodin.
18:01 of 2nd period - Vincent Trocheck wins face-off versus Mika Zibanejad in Jets zone.
18:20 of 2nd period - Shot by John Moore.
18:20 of 2nd period - Shot Misses the Net.
18:36 of 2nd period - Shot by Jaden Schwartz.
18:36 of 2nd period - Stopped by Keith Kinkaid with a rebound.
18:38 of 2nd period - Shot by Vincent Trocheck.
18:38 of 2nd period - Stopped by Keith Kinkaid without a rebound.
18:39 of 2nd period - J.T. Miller wins face-off versus Mikko Koivu in Jets zone.
19:04 of 2nd period - Shot by Cam Atkinson.
19:04 of 2nd period - Goal by Cam Atkinson - Predators : 2 - Jets : 4.
19:05 of 2nd period - Frans Nielsen wins face-off versus T.J. Oshie in neutral zone.
19:27 of 2nd period - Icing by Jordie Benn.
19:28 of 2nd period - Mikko Koivu wins face-off versus Vladislav Namestnikov in Predators zone.
19:29 of 2nd period - Shot by Jamie Benn.
19:29 of 2nd period - Shot Hit the Post.
19:39 of 2nd period - Shot by Cam Atkinson.
19:39 of 2nd period - Goal by Cam Atkinson - Predators : 2 - Jets : 5.
19:39 of 2nd period - Pekka Rinne enters game.
19:40 of 2nd period - Vincent Trocheck wins face-off versus Radek Faksa in neutral zone.
19:49 of 2nd period - Shot by Jaden Schwartz.
19:49 of 2nd period - Stopped by Keith Kinkaid without a rebound.
19:50 of 2nd period - Steven Stamkos wins face-off versus Mikko Koivu in Jets zone.
19:53 of 2nd period - Shot by J.T. Miller.
19:53 of 2nd period - Stopped by Keith Kinkaid without a rebound.
19:54 of 2nd period - Steven Stamkos wins face-off versus Mikko Koivu in Jets zone.
Goals for this period are 1 for Predators vs 3 for Jets.
Shots for this period are 10 for Predators vs 15 for Jets.

3rd period


0:01 of 3rd period - Vladislav Namestnikov wins face-off versus Mikko Koivu in neutral zone.
2:11 of 3rd period - Icing by Nick Holden.
2:12 of 3rd period - Vincent Trocheck wins face-off versus Radek Faksa in Jets zone.
2:16 of 3rd period - Minor Penalty to Phillip Di Giuseppe for High sticking.
2:17 of 3rd period - Mikko Koivu wins face-off versus Vladislav Namestnikov in Predators zone.
2:23 of 3rd period - Jamie Benn is hit by Connor Murphy and loses puck.
2:26 of 3rd period - Shot by Hampus Lindholm.
2:26 of 3rd period - Shot Misses the Net.
2:28 of 3rd period - Shot by Jonas Brodin.
2:28 of 3rd period - Stopped by Pekka Rinne without a rebound.
2:29 of 3rd period - Vladislav Namestnikov wins face-off versus Frans Nielsen in Predators zone.
3:33 of 3rd period - Shot by Cam Atkinson.
3:33 of 3rd period - Stopped by Pekka Rinne without a rebound.
3:34 of 3rd period - Mikko Koivu wins face-off versus Vladislav Namestnikov in Predators zone.
3:45 of 3rd period - Shot by Cam Atkinson.
3:45 of 3rd period - Goal by Cam Atkinson - Predators : 2 - Jets : 6.
3:46 of 3rd period - Mika Zibanejad wins face-off versus Vincent Trocheck in neutral zone.
3:53 of 3rd period - Shot by Vincent Trocheck.
3:53 of 3rd period - Stopped by Keith Kinkaid without a rebound.
3:54 of 3rd period - Vincent Trocheck wins face-off versus Frans Nielsen in Jets zone.
4:09 of 3rd period - Icing by Radko Gudas.
4:10 of 3rd period - Steven Stamkos wins face-off versus Frans Nielsen in Jets zone.
4:27 of 3rd period - Shot by J.T. Miller.
4:27 of 3rd period - Stopped by Keith Kinkaid without a rebound.
4:27 of 3rd period - Keith Kinkaid from Jets is injured at 4:27 of 3rd period (Sports Hernia).
4:27 of 3rd period - Cory Schneider enters game.
4:28 of 3rd period - Mikko Koivu wins face-off versus Vladislav Namestnikov in Jets zone.
4:28 of 3rd period - Mikko Koivu is hit by T.J. Oshie.
4:37 of 3rd period - Mikko Koivu is hit by Jordie Benn and loses puck.
4:51 of 3rd period - Shot by T.J. Oshie.
4:51 of 3rd period - Deflect By Max Pacioretty.
4:51 of 3rd period - Goal by Max Pacioretty - Predators : 3 - Jets : 6.
4:52 of 3rd period - Mika Zibanejad wins face-off versus J.T. Miller in neutral zone.
4:55 of 3rd period - Connor Murphy is hit by Brock Nelson and loses puck.
5:29 of 3rd period - Shot by J.T. Miller.
5:29 of 3rd period - Shot Misses the Net.
5:31 of 3rd period - Shot by Roman Josi.
5:31 of 3rd period - Stopped by Cory Schneider with a rebound.
5:53 of 3rd period - Shot by Cam Atkinson.
5:53 of 3rd period - Stopped by Pekka Rinne without a rebound.
5:54 of 3rd period - Mikko Koivu wins face-off versus Jaden Schwartz in Predators zone.
5:55 of 3rd period - Shot by Cam Atkinson.
5:55 of 3rd period - Stopped by Pekka Rinne without a rebound.
5:56 of 3rd period - Vladislav Namestnikov wins face-off versus Mikko Koivu in Predators zone.
6:04 of 3rd period - Off-side.
6:05 of 3rd period - Vincent Trocheck wins face-off versus Cam Atkinson in neutral zone.
6:14 of 3rd period - Mikko Koivu is hit by Vincent Trocheck and loses puck.
6:20 of 3rd period - Cam Atkinson is hit by Vincent Trocheck and loses puck.
6:33 of 3rd period - Shot by Cam Atkinson.
6:33 of 3rd period - Shot Misses the Net.
6:35 of 3rd period - Shot by Hampus Lindholm.
6:35 of 3rd period - Deflect By Jamie Benn.
6:35 of 3rd period - Stopped by Pekka Rinne without a rebound.
6:36 of 3rd period - Frans Nielsen wins face-off versus Vladislav Namestnikov in Predators zone.
7:02 of 3rd period - Shot by Max Pacioretty.
7:02 of 3rd period - Shot Blocked by Nick Holden.
7:16 of 3rd period - Shot by Max Pacioretty.
7:16 of 3rd period - Deflect By T.J. Oshie.
7:16 of 3rd period - Shot Blocked by Nick Holden.
7:33 of 3rd period - Icing by Steven Stamkos.
7:34 of 3rd period - Steven Stamkos wins face-off versus Cam Atkinson in Predators zone.
7:34 of 3rd period - Steven Stamkos is hit by Jamie Benn.
8:07 of 3rd period - Shot by Jamie Benn.
8:07 of 3rd period - Shot Blocked by Jordie Benn.
8:13 of 3rd period - Shot by Cam Atkinson.
8:13 of 3rd period - Deflect By Mikko Koivu.
8:13 of 3rd period - Stopped by Pekka Rinne without a rebound.
8:14 of 3rd period - Vincent Trocheck wins face-off versus Mika Zibanejad in Predators zone.
9:27 of 3rd period - Shot by Marcus Sorensen.
9:27 of 3rd period - Shot Misses the Net.
9:54 of 3rd period - Minor Penalty to J.T. Miller for Hooking.
9:55 of 3rd period - Kevin Hayes wins face-off versus Frans Nielsen in Predators zone.
11:38 of 3rd period - Roman Josi is hit by Jaromir Jagr and loses puck.
12:06 of 3rd period - Shot by Brock Nelson.
12:06 of 3rd period - Stopped by Pekka Rinne without a rebound.
12:07 of 3rd period - Radek Faksa wins face-off versus Vladislav Namestnikov in Predators zone.
12:10 of 3rd period - Shot by Alan Quine.
12:10 of 3rd period - Stopped by Pekka Rinne without a rebound.
12:11 of 3rd period - Mika Zibanejad wins face-off versus Steven Stamkos in Predators zone.
12:12 of 3rd period - Shot by Nick Holden.
12:12 of 3rd period - Stopped by Pekka Rinne without a rebound.
12:13 of 3rd period - Mikko Koivu wins face-off versus J.T. Miller in Predators zone.
12:24 of 3rd period - Shot by Jamie Benn.
12:24 of 3rd period - Shot Blocked by Steven Stamkos.
12:27 of 3rd period - Icing by John Moore.
12:28 of 3rd period - J.T. Miller wins face-off versus Mika Zibanejad in Predators zone.
12:28 of 3rd period - J.T. Miller is hit by Brock Nelson.
12:40 of 3rd period - Shot by Kevin Hayes.
12:40 of 3rd period - Shot Blocked by Jonas Brodin.
13:16 of 3rd period - Shot by T.J. Oshie.
13:16 of 3rd period - Stopped by Cory Schneider without a rebound.
13:17 of 3rd period - Frans Nielsen wins face-off versus Vincent Trocheck in Jets zone.
13:22 of 3rd period - Shot by Jaromir Jagr.
13:22 of 3rd period - Shot Misses the Net.
13:42 of 3rd period - Shot by Jaden Schwartz.
13:42 of 3rd period - Deflect By Vincent Trocheck.
13:42 of 3rd period - Stopped by Cory Schneider without a rebound.
13:43 of 3rd period - Mikko Koivu wins face-off versus Vladislav Namestnikov in Jets zone.
13:43 of 3rd period - Mikko Koivu is hit by Vladislav Namestnikov.
14:57 of 3rd period - Shot by Kevin Hayes.
14:57 of 3rd period - Shot Misses the Net.
15:02 of 3rd period - Icing by Radko Gudas.
15:03 of 3rd period - Vincent Trocheck wins face-off versus Alan Quine in Jets zone.
15:20 of 3rd period - Shot by John Moore.
15:20 of 3rd period - Shot Blocked by Braydon Coburn.
15:22 of 3rd period - Shot by Vincent Trocheck.
15:22 of 3rd period - Shot Misses the Net.
15:26 of 3rd period - Shot by Vincent Trocheck.
15:26 of 3rd period - Stopped by Cory Schneider without a rebound.
15:27 of 3rd period - Frans Nielsen wins face-off versus Steven Stamkos in Jets zone.
15:54 of 3rd period - Shot by Steven Stamkos.
15:54 of 3rd period - Goal by Steven Stamkos - Predators : 4 - Jets : 6.
15:55 of 3rd period - Cam Atkinson wins face-off versus Vladislav Namestnikov in neutral zone.
15:58 of 3rd period - Connor Murphy is hit by Jamie Benn and loses puck.
16:11 of 3rd period - Shot by Mikko Koivu.
16:11 of 3rd period - Shot Blocked by Roman Josi.
16:13 of 3rd period - Shot by Mikko Koivu.
16:13 of 3rd period - Stopped by Pekka Rinne without a rebound.
16:14 of 3rd period - Jaden Schwartz wins face-off versus Mika Zibanejad in Predators zone.
16:16 of 3rd period - Vincent Trocheck is hit by Ondrej Kase and loses puck.
16:22 of 3rd period - Mika Zibanejad is hit by Jordie Benn and loses puck.
16:33 of 3rd period - Shot by Mika Zibanejad.
16:33 of 3rd period - Shot Misses the Net.
16:35 of 3rd period - Shot by Brock Nelson.
16:35 of 3rd period - Shot Blocked by John Moore.
17:17 of 3rd period - Shot by Vladislav Namestnikov.
17:17 of 3rd period - Stopped by Cory Schneider without a rebound.
17:18 of 3rd period - Mikko Koivu wins face-off versus Steven Stamkos in Jets zone.
17:24 of 3rd period - Radko Gudas is hit by Zach Bogosian and loses puck.
17:34 of 3rd period - Shot by J.T. Miller.
17:34 of 3rd period - Stopped by Cory Schneider with a rebound.
17:36 of 3rd period - Shot by J.T. Miller.
17:36 of 3rd period - Stopped by Cory Schneider without a rebound.
17:37 of 3rd period - Frans Nielsen wins face-off versus T.J. Oshie in Jets zone.
17:51 of 3rd period - Shot by Jaromir Jagr.
17:51 of 3rd period - Stopped by Pekka Rinne without a rebound.
17:52 of 3rd period - Mikko Koivu wins face-off versus Steven Stamkos in Predators zone.
17:53 of 3rd period - Shot by Cam Atkinson.
17:53 of 3rd period - Shot Blocked by Steven Stamkos.
18:13 of 3rd period - Kevin Hayes is hit by Radko Gudas and loses puck.
18:25 of 3rd period - Steven Stamkos is hit by Radko Gudas and loses puck.
18:30 of 3rd period - Shot by Steven Stamkos.
18:30 of 3rd period - Shot Misses the Net.
18:42 of 3rd period - Shot by Max Pacioretty.
18:42 of 3rd period - Deflect By T.J. Oshie.
18:42 of 3rd period - Stopped by Cory Schneider without a rebound.
18:43 of 3rd period - Vladislav Namestnikov wins face-off versus Jaromir Jagr in Jets zone.
18:48 of 3rd period - Shot by T.J. Oshie.
18:48 of 3rd period - Shot Misses the Net.
19:24 of 3rd period - Jonas Brodin is hit by T.J. Oshie and loses puck.
19:34 of 3rd period - Rickard Rakell is hit by Jordie Benn and loses puck.
19:45 of 3rd period - Shot by Ondrej Kase.
19:45 of 3rd period - Stopped by Pekka Rinne with a rebound.
19:47 of 3rd period - Shot by Nick Holden.
19:47 of 3rd period - Stopped by Pekka Rinne without a rebound.
19:48 of 3rd period - Steven Stamkos wins face-off versus Radek Faksa in Predators zone.
19:48 of 3rd period - Steven Stamkos is hit by Radek Faksa.
Goals for this period are 2 for Predators vs 1 for Jets.
Shots for this period are 12 for Predators vs 14 for Jets.